 Dungeon Crawl Stone Soup version 0.20.0-10-g0535bb4 (webtiles) character file.

682 Revguard the Ducker (level 7, -10/67 HPs)
             Began as a Troll Monk on June 7, 2017.
             Was a Priest of Kikubaaqudgha.
             Mangled by an ogre
             ... wielding a +0 giant club
              (13 damage)
             ... on level 5 of the Dungeon.
             The game lasted 00:51:17 (4453 turns).

Revguard the Ducker (Troll Monk)                    Turns: 4453, Time: 00:51:18

Health: -10/67     AC:  6    Str: 20    XL:     7   Next: 34%
Magic:  7/7        EV: 11    Int:  7    God:    Kikubaaqudgha [***...]
Gold:   249        SH:  0    Dex: 13    Spells: 2/9 levels left

rFire    . . .     SeeInvis +   g - +1 dagger (distort)
rCold    . . .     Gourm    +   (no shield)
rNeg     . . .     Faith    .   a - +1 robe
rPois    .         Spirit   .   (helmet restricted)
rElec    .         Reflect  .   (no cloak)
rCorr    .         Harm     .   (gloves unavailable)
MR       .....                  (boots unavailable)
Stlth    ++........             (no amulet)
Regen    0.7/turn               n - ring of see invisible
MPRegen  0.1/turn               (no ring)

@: very slightly contaminated
A: unfitting armour, claws 3, blink, fast metabolism 3, gourmand, low mp 1,
regeneration 1, shaggy fur 1, tough skin 2
a: Blink, Receive Corpses, Renounce Religion


You were on level 5 of the Dungeon.
You worshipped Kikubaaqudgha.
Kikubaaqudgha was most pleased with you.
You were near starving.

You visited 1 branch of the dungeon, and saw 5 of its levels.
You also visited: Sewer.

You collected 249 gold pieces.

Inventory:

Hand Weapons
 d - a +3 dagger of speed
 e - a +1 flail of crushing
 g - a +1 dagger of distortion (weapon)
Armour
 a - a +1 robe (worn)
Jewellery
 n - a ring of see invisible (left claw)
Scrolls
 p - a scroll of remove curse
 q - 3 scrolls of amnesia
 t - a scroll of identify
Books
 f - Kikubaaqudgha's Almanac of Evil
   (Kikubaaqudgha gifted it to you on level 2 of the Dungeon)

   Spells                             Type                      Level
   a - Pain                           Necromancy                   1
   b - Corpse Rot                     Necromancy                   2
   c - Sublimation of Blood           Necromancy                   2
   d - Regeneration                   Charms/Necromancy            3
   e - Control Undead                 Necromancy                   4
 m - Kikubaaqudgha's Reference Book on Sinister Rites
   (Kikubaaqudgha gifted it to you in a sewer)

   Spells                             Type                      Level
   a - Excruciating Wounds            Charms/Necromancy            5
   b - Bolt of Draining               Conjuration/Necromancy       5
   c - Agony                          Necromancy                   5
   d - Cigotuvi's Embrace             Necromancy                   5
   e - Dispel Undead                  Necromancy                   5
 o - a book of Callings

   Spells                             Type                      Level
   a - Summon Small Mammal            Summoning                    1
   b - Call Imp                       Summoning                    2
   c - Call Canine Familiar           Summoning                    3
   d - Summon Guardian Golem          Hexes/Summoning              3
   e - Summon Lightning Spire         Summoning/Air                4
   f - Summon Ice Beast               Ice/Summoning                4
Comestibles
 b - 6 bread rations
 i - 2 royal jellies
 r - 4 fruits


   Skills:
 - Level 3.0 Fighting
 + Level 3.7 Short Blades
 + Level 3.8 Dodging
 - Level 1.2 Stealth
 - Level 3.3 Unarmed Combat
 + Level 1.6 Spellcasting
 * Level 2.3 Necromancy


You had 2 spell levels left.
You knew the following spells:

 Your Spells              Type           Power        Failure   Level  Hunger
a - Pain                  Necr           #...         16%         1    ##.....
b - Control Undead        Necr           #.........   83%         4    #####..
c - Corpse Rot            Necr           N/A          22%         2    ###....


Dungeon Overview and Level Annotations

Branches:
Dungeon (5/15)
 Temple: D:4-7

Altars:
Ashenzari
Kikubaaqudgha
Nemelex Xobeh
Xom
Zin

Shops:
D:4 (

Annotations:
D:4 Sigmund


Innate Abilities, Weirdness & Mutations

You are too large for most types of armour.
You have claws for hands.
Your metabolism is lightning-fast.
You like to eat raw meat.
Your natural rate of healing is unusually fast.
You are covered in fur. (AC +1)
You have very tough skin. (AC +2)
You can translocate small distances at will.
Your magical capacity is low. (-10% MP)


Message History

As you read the scroll of blinking, it crumbles to dust.
As you read the scroll labeled EDA JYOBBEC, it crumbles to dust.
The scroll dissolves into smoke.
It was a scroll of fog.
You are near starving!
There is an open door here.
The shadow imp gestures at you. Pain shoots through your body!
* * * LOW HITPOINT WARNING * * *
The shadow imp closely misses you. The shadow imp puffs mist at you.
The shadow imp barely misses you.
There is an open door here.
The shadow imp gestures at you. Pain shoots through your body!
* * * LOW HITPOINT WARNING * * *
As you read the scroll labeled JOSIRHE NATHE, it crumbles to dust.
It is a scroll of enchant armour.
Your +0 robe glows green for a moment.
The ogre hits you with a giant club!
You die...
Kikubaaqudgha rasps: "You have failed me!
Welcome... death!"

...#......#......#
...#......#......#
...#......#......#
...####...#......########
#### ###+#######........#
#.....#...#........#
#.....#...#........#
#.....#...#........#
#.....#..5O@....[..#
#.....#...#........#
#.....'...#........#
#.....#...#........#
##...####'#........# ####
#.....####### #.....#
#..§§.# #.§§§.#


You could see an ogre and a shadow imp.

Vanquished Creatures
  An ogre (D:3)
  A bullfrog (Sewer)
  An orc priest (D:3)
  An orc wizard (D:3)
  A worker ant (D:5)
  11 adders
  6 oozes (Sewer)
  An adder skeleton (D:4)
  2 worms
  3 dart slugs
  15 leopard geckos
  5 orcs
  10 ball pythons
  5 bats
  12 giant cockroaches
  9 goblins
  8 hobgoblins
  4 jackals (D:3)
  11 kobolds
  A quokka (D:2)
  16 frilled lizards
  A leopard gecko skeleton (D:4)
  A quokka skeleton (D:4)
  11 rats
137 creatures vanquished.

Vanquished Creatures (others)
  The ghost of Fv001 the Cudgeler, an amateur MiBe of Trog (D:3)
  A worker ant (D:3)
  3 adders
  2 oozes (Sewer)
  2 worms (D:2)
  An orc (D:3)
  2 giant cockroaches (Sewer)
  A hobgoblin (D:2)
  A kobold (D:2)
  A plant (D:2)
15 creatures vanquished.

Grand Total: 152 creatures vanquished

Notes
Turn   | Place    | Note
-------+----------+-------------------------------------------
     0 | D:1      | Revguard the Troll Monk began the quest for the Orb.
     0 | D:1      | Reached XP level 1. HP: 22/22 MP: 0/0
   132 | D:1      | Reached XP level 2. HP: 29/29 MP: 1/1
   490 | D:1      | Reached XP level 3. HP: 12/36 MP: 2/2
   885 | D:2      | Reached skill level 1 in Short Blades
  1149 | D:2      | Reached XP level 4. HP: 45/45 MP: 3/3
  1361 | D:2      | Found an ancient bone altar of Kikubaaqudgha.
  1381 | D:2      | Became a worshipper of Kikubaaqudgha
  1381 | D:2      | Reached * piety under Kikubaaqudgha
  1381 | D:2      | Identified Kikubaaqudgha's Almanac of Evil (Kikubaaqudgha gifted it to you on level 2 of the Dungeon)
  1381 | D:2      | Received a gift from Kikubaaqudgha
  1381 | D:2      | Reached ** piety under Kikubaaqudgha
  1687 | D:3      | Learned a level 1 spell: Pain
  1815 | D:3      | Noticed Fv001's ghost (amateur MiBe)
  1826 | D:3      | Banished Fv001's ghost
  1826 | D:3      | Reached skill level 1 in Necromancy
  1826 | D:3      | Reached XP level 5. HP: 23/53 MP: 4/4
  1894 | D:3      | Found a sparkling altar of Nemelex Xobeh.
  1920 | D:3      | Found a shattered altar of Ashenzari.
  1983 | D:3      | Noticed an ogre
  1999 | D:3      | Killed an ogre
  1999 | D:3      | Reached XP level 6. HP: 36/61 MP: 1/6
  2166 | D:3      | Reached skill level 1 in Spellcasting
  2731 | D:4      | Gained mutation: You are dopey. (Int -2) [potion of mutation]
  2731 | D:4      | Gained mutation: You have a beak for a mouth. [potion of mutation]
  2732 | D:4      | Lost mutation: You are dopey. (Int -2) [potion of mutation]
  2732 | D:4      | Lost mutation: You have a beak for a mouth. [potion of mutation]
  2732 | D:4      | Gained mutation: You passively map a small area around you. [potion of mutation]
  2732 | D:4      | Gained mutation: You are partially covered in yellow scales. (AC +2) [potion of mutation]
  2792 | D:4      | Lost mutation: You are partially covered in yellow scales. (AC +2) [potion of mutation]
  2792 | D:4      | Gained mutation: You are somewhat resistant to further mutation. [potion of mutation]
  2792 | D:4      | Gained mutation: You have very sharp teeth. [potion of mutation]
  2815 | D:4      | Found a shimmering altar of Xom.
  2815 | D:4      | Found a glowing silver altar of Zin.
  2815 | D:4      | Noticed an angel
  2865 | D:4      | Lost mutation: You are somewhat resistant to further mutation. [potion of mutation]
  2865 | D:4      | Lost mutation: You passively map a small area around you. [potion of mutation]
  2865 | D:4      | Lost mutation: You have very sharp teeth. [potion of mutation]
  2865 | D:4      | Gained mutation: Your magical capacity is low. (-10% MP) [potion of mutation]
  2865 | D:4      | Gained mutation: You are robust. (+10% HP) [potion of mutation]
  2865 | D:4      | Lost mutation: You are robust. (+10% HP) [potion of mutation]
  2865 | D:4      | Gained mutation: You evolve. [potion of mutation]
  2866 | D:4      | Lost mutation: Your magical capacity is low. (-10% MP) [potion of mutation]
  2866 | D:4      | Lost mutation: You evolve. [potion of mutation]
  2866 | D:4      | Gained mutation: Your magical capacity is low. (-10% MP) [potion of mutation]
  2866 | D:4      | Gained mutation: You can translocate small distances at will. [potion of mutation]
  2946 | D:4      | Learned a level 4 spell: Control Undead
  2956 | D:4      | Learned a level 2 spell: Corpse Rot
  2980 | D:4      | Found a glowing drain.
  3006 | Sewer    | Entered a sewer
  3229 | Sewer    | Reached *** piety under Kikubaaqudgha
  3229 | Sewer    | Identified Kikubaaqudgha's Reference Book on Sinister Rites (Kikubaaqudgha gifted it to you in a sewer)
  3229 | Sewer    | Received a gift from Kikubaaqudgha
  3241 | Sewer    | Reached XP level 7. HP: 67/67 MP: 5/7
  3831 | D:4      | Found Vejipsit's Weapon Emporium.
  3977 | D:4      | Noticed Sigmund
  4151 | D:5      | Entered Level 5 of the Dungeon
  4400 | D:5      | HP: 1/67 [ogre/giant club (24)]
  4452 | D:5      | HP: 3/67 [shadow imp/nerve-wracking pain (7)]
  4453 | D:5      | Mangled by an ogre

Skill      XL: |  1  2  3  4  5  6  7 |
---------------+----------------------+-----
Fighting       | 3 |  3.0
Short Blades   | 1 2 3 |  3.7
Dodging        | 3 |  3.8
Necromancy     | 1 2 |  2.3
Spellcasting   | 1 |  1.6
Stealth        | |  1.2
Unarmed Combat | |  3.3

Action                   |  1- 3 |  4- 6 |  7- 9 || total
-------------------------+-------+-------+-------++-------
Melee: Unarmed           |    31 |       |       ||    31
       Dagger            |    77 |   224 |    96 ||   397
       Punch             |       |     3 |     2 ||     5
 Cast: Pain              |       |    14 |       ||    14
       Corpse Rot        |       |     2 |     6 ||     8
Invok: Receive Corpses   |       |     1 |       ||     1
  Use: Scroll            |     5 |     6 |     4 ||    15
       Potion            |     1 |     5 |     6 ||    12
 Stab: Sleeping          |     2 |     2 |       ||     4
  Eat: Chunk             |    15 |    14 |     2 ||    31
       Meat ration       |       |       |     2 ||     2
Armor: Robe              |    40 |    84 |    48 ||   172
Dodge: Dodged            |    58 |   132 |   133 ||   323
